Build Orders - Match 34107260 - cohdb - Company of Heroes 3 Replays
cohdb
Replays
Latest Replays
All Replays
Popular Replays
Top Player Replays
Match Explorer
How It Works
Community
CoH3 Stats
Reddit
Sign in to upload your games and track your stats! →
Sign in with Steam
Match 34107260
Unlisted
Match 34107260
Overview
Messages
Build Orders
End
Panzergrenadier Squad
Selects Armored Support Battlegroup
250 Light Carrier
Panzergrenadier Squad
Panzergrenadier Squad
Construct Light Support Kompanie
Construct Mechanized Kompanie
8 Rad Armored Car
Assault Mechanized Group
Selects Superior Fire Drills
Support Armor Elements
Emergency Repair Kits
Marder III Tank Destroyer
2.5-tonne Medical Truck
Selects Salvage Kits
Selects Panzer Storm
Vehicle Survival Package
Construct Panzerarmee Kommand
Selects Stuka Anti-tank Loiter
Walking Stuka Rocket Launcher
Dumbass
Orangepest
0
0
Comments
sign in to comment!
No comments posted yet!